 Dungeon Crawl Stone Soup version 0.31-a0-632-g766dd24fdf (webtiles) character file.

Game seed: 8268768581186611600

186 Ofeo the Digger (level 5, -4/28 HPs)
             Began as a Kobold Earth Elementalist on Aug 25, 2023.
             Was an Initiate of Ashenzari.
             Slain by a river rat (5 damage)
             ... in a sewer.
             The game lasted 00:03:01 (5025 turns).

Ofeo the Digger (Kobold Earth Elementalist)         Turns: 5025, Time: 00:03:02

Health: -4/28      AC:  2    Str:  5    XL:     5   Next: 98%
Magic:  2/8        EV: 15    Int: 17    God:    Ashenzari [......]
Gold:   25         SH:  0    Dex: 17    Spells: 7/8 levels left

rFire   . . .        j - +1 quarterstaff (vamp)
rCold   . . .        (shield currently unavailable)
rNeg    . . .        a - +0 robe
rPois   .            (no helmet)
rElec   .            (no cloak)
rCorr   .            (no gloves)
SInv    .            (no boots)
Will    .....        (no amulet)
Stlth   +++          (no ring)
HPRegen 0.24/turn    (no ring)
MPRegen 0.11/turn

%: no passive effects
@: no status effects
A: small, no large weapons, nightstalker 3
a: Renounce Religion


You were in a sewer.
You worshipped Ashenzari.
Ashenzari was noncommittal.
You visited 1 branch of the dungeon, and saw 4 of its levels.
You also visited: Sewer.

You collected 201 gold pieces.
You spent 176 gold pieces at shops.

Inventory:

Hand Weapons
 j - a +1 vampiric quarterstaff (weapon)
Missiles
 c - 2 throwing nets
Armour
 a - a +0 robe (worn)
 f - an orb of light
 g - a +4 scale mail
Jewellery
 e - an amulet of reflection
Potions
 b - 2 potions of magic
 d - a potion of cancellation {unknown}
 h - 2 potions of heal wounds {@q2}
 i - a potion of ambrosia {unknown}
 k - 4 potions of brilliance
 l - a potion of lignification
 m - a potion of might {@q4}
 q - a potion of curing {@q1}
 I - a potion of invisibility


   Skills:
 - Level 2.7 Dodging
 - Level 3.0 Stealth
 - Level 2.4 Spellcasting
 + Level 3.5 Transmutations
 + Level 4.6 Earth Magic


You had 7 spell levels left.
You knew the following spells:

 Your Spells              Type           Power      Damage    Failure   Level
a - Sandblast             Erth           34%        2d9       2%          1

Your spell library contained the following spells:

 Spells                   Type           Power      Damage    Failure   Level
 Passwall                 Tmut/Erth      12%        N/A       5%          2
 Magic Dart               Conj           8%         1d3       19%         1
 Stone Arrow              Conj/Erth      18%        3d8       22%         3
 Searing Ray              Conj           4%         2d4       28%         2
 Petrify                  Tmut/Erth      15%        N/A       34%         4
 Fulminant Prism          Conj/Hex       1%         3d5       88%         4


Dungeon Overview and Level Annotations

Branches:
Dungeon (4/15)              Sewer (1/1)
 Temple: D:4-7

Altars:
Ashenzari
Cheibriados
Vehumet
Wu Jian

Shops:
D:3 !


Innate Abilities, Weirdness & Mutations

You are small and have problems with some larger weapons.
You are completely attuned to the shadows.


Message History

The river rat closely misses you.
You hit the river rat.
You feel better.
The river rat is severely wounded.
The river rat misses you. x2
You regained 3 hp, and now have 14/28 hp.
You closely miss the river rat.
The river rat is severely wounded.
The river rat bites you.
You take 2 damage, and have 12/28 hp.
You barely miss the river rat.
The river rat is severely wounded.
The river rat bites you!
* * * LOW HITPOINT WARNING * * *
You take 8 damage, and have 4/28 hp.
MASSIVE DAMAGE!!
You barely miss the river rat.
The river rat is severely wounded.
The river rat bites you.
* * * LOW HITPOINT WARNING * * *
You take 3 damage, and have 1/28 hp.
You are too injured to fight recklessly!
You are too injured to fight recklessly!
Casting: Sandblast (safe; 2% risk of failure)
Confirm with . or Enter, or press ? or * to list all spells.
Aiming: Sandblast (safe; 2% risk of failure)
Press: ? - help, Shift-Dir - straight line, f/p - river rat
Aim: a river rat (heavily wounded, 80% to hit)
The blast of sand hits the river rat but does no damage.
The river rat is heavily wounded.
The river rat closely misses you. The river rat bites you.
* * * LOW HITPOINT WARNING * * *
You now have 3/8 mp.
Casting: Sandblast (safe; 2% risk of failure)
Confirm with . or Enter, or press ? or * to list all spells.
Aiming: Sandblast (safe; 2% risk of failure)
Press: ? - help, Shift-Dir - straight line, f/p - river rat
Aim: a river rat (heavily wounded, 80% to hit)
The blast of sand hits the river rat.
The river rat is severely wounded.
The river rat bites you.
You die... ##################### ~~~~~~~~~...††.∩@r... #####################

You could see a river rat.

Vanquished Creatures
  A jelly (D:3)
  Jessica (D:3)
  2 orc wizards (D:3)
  2 adders (D:2)
  A worm (D:2)
  2 dart slugs
  3 orcs (D:3)
  3 ball pythons
  6 endoplasms
  4 giant cockroaches
  4 jackals
  5 quokkas
  8 bats
  3 frilled lizards
  8 kobolds
  4 rats
57 creatures vanquished.

Notes
Turn   | Place    | Note
-------+----------+-------------------------------------------
     0 | D:1      | Ofeo the Kobold Earth Elementalist began the quest for the
                  | Orb.
     0 | D:1      | Reached XP level 1. HP: 10/10 MP: 3/3
   525 | D:1      | Reached XP level 2. HP: 15/15 MP: 3/5
  1407 | D:2      | Reached XP level 3. HP: 19/19 MP: 4/6
  2099 | D:2      | Identified the +5 ring mail "Roloyteini" {rC+}
  2430 | D:2      | Reached XP level 4. HP: 24/24 MP: 4/7
  3713 | D:3      | Noticed Jessica
  3714 | D:3      | Killed Jessica
  3715 | D:3      | Reached skill level 4 in Earth Magic
  3779 | D:3      | Reached XP level 5. HP: 24/28 MP: 2/8
  4513 | D:3      | Found Bili's Distillery.
  4705 | D:3      | Found a snail-covered altar of Cheibriados.
  4707 | D:3      | Found a broken altar of Ashenzari.
  4723 | D:3      | Found a radiant altar of Vehumet.
  4737 | D:3      | Found an ornate altar of the Wu Jian Council.
  4785 | D:3      | Bought a potion of curing for 33 gold pieces
  4785 | D:3      | Bought a potion of heal wounds for 55 gold pieces
  4785 | D:3      | Bought a potion of brilliance for 44 gold pieces
  4785 | D:3      | Bought a potion of might for 44 gold pieces
  4825 | D:3      | Became a worshipper of Ashenzari the Shackled
  4932 | D:4      | Found a glowing drain.
  4951 | Sewer    | Entered a sewer
  5023 | Sewer    | HP: 1/28 [river rat (3)]
  5025 | Sewer    | Slain by a river rat

Illustrated notes

Levels and vault maps discovered:
D:1:      heliophobic_arrival_battle_scene, layout_loops_corners
D:2:      layout_loops_ring, serial_bayou, serial_bayou_lake_a,
          serial_bayou_pond_a, serial_bayou_pond_b, serial_bayou_pond_a
D:3:      layout_basic, minmay_overflow_temple_star_hex, serial_shops,
          nicolae_shop_tiny_waterfront, minmay_gold_behind_fungi, uniq_jessica
D:4:      layout_loops_ring, general_overflow_altar,
          mainiacjoe_overflow_boulevard, mainiacjoe_overflow_paths,
          gup_sewer_entry_pipe, minmay_misc_feat_nine_boxes, grunt_ministairs_5
Sewer:    sewer_kobolds

Skill      XL: |  1  2  3  4 |
---------------+-------------+-----
Stealth        | 3 |  3.0
Transmutations | 2 3 |  3.5
Earth Magic    | 4 |  4.6
Dodging        | |  2.7
Spellcasting   | |  2.4

Action                     |  1- 3 |  4- 6 || total
---------------------------+-------+-------++-------
  Melee: Unarmed           |    10 |       ||    10
         Quarterstaff      |    11 |    20 ||    31
   Cast: Sandblast         |    41 |    40 ||    81
    Use: Potion            |     2 |       ||     2
         Scroll            |       |    11 ||    11
   Stab: Sleeping          |       |     1 ||     1
 Armour: Skin              |     9 |       ||     9
         Robe              |     4 |     2 ||     6
  Dodge: Dodged            |    22 |    20 ||    42

Table legend: (Time is in decaauts)
 A = Elapsed time spent in this place.
 B = Non-inter-level travel time spent in this place.
 C = Inter-level travel time spent in this place.
 D = Time resting spent in this place.
 E = Time spent auto-exploring this place.
 F = Levels seen in this place.
 G = Mean time per level.
                   A        B        C        D        E       F      G
               +--------+--------+--------+--------+--------+-----+--------+
         Total |   5142 |   5029 |    113 |    202 |   4497 |   5 | 1028.4 |
       Dungeon |   5039 |   4926 |    113 |    202 |   4417 |   4 | 1259.8 |
         Sewer |    103 |    103 |      0 |      0 |     80 |   1 |  103.0 |
               +--------+--------+--------+--------+--------+-----+--------+

Top non-repeatable levels by time:
     D:3: 2007 daAuts
     D:2: 1518 daAuts
     D:1: 1409 daAuts
     D:4: 103 daAuts
   Sewer: 103 daAuts
